 Dungeon Crawl Stone Soup version 0.28-a0-1624-g820543e53a (webtiles) character file.

Game seed: 5938893730562120189

3347 HallandMoats the Chopper (level 10, -4/84 HPs)
             Began as a Ghoul Fighter on Jan 23, 2022.
             Was an Initiate of Makhleb.
             Slain by a wight (15 damage)
             ... on level 7 of the Dungeon.
             The game lasted 00:08:27 (7463 turns).

HallandMoats the Chopper (Ghoul Fighter)            Turns: 7463, Time: 00:08:28

Health: -4/84      AC: 14    Str: 21    XL:     10   Next: 2%
Magic:  13/13      EV: 15    Int:  5    God:    Makhleb [......]
Gold:   339        SH:  5    Dex: 14    Spells: 9/9 levels left

rFire   . . .      SeeInvis .   a - +0 hand axe
rCold   + . .      Faith    .   c - +0 buckler
rNeg    + + +      Spirit   .   g - +0 scale mail
rPois   ∞          Reflect  .   (no helmet)
rElec   .          Harm     .   (no cloak)
rCorr   .          Rampage  .   u - +0 pair of gloves "Himnofug" {Dex+4}
Will    .....                   h - +0 pair of boots
Stlth   ..........              v - amulet of regeneration
HPRegen 0.00/turn               k - +4 ring of evasion
MPRegen 0.13/turn               C - +4 ring of protection

@: mighty, inhibited regen
A: claws 1, cold resistance 1, negative energy resistance 3, inhibited
regeneration, torment resistance 2
a: Renounce Religion


You were on level 7 of the Dungeon.
You worshipped Makhleb.
Makhleb was noncommittal.
You visited 2 branches of the dungeon, and saw 8 of its levels.

You collected 339 gold pieces.

Inventory:

Hand Weapons
 a - a +0 hand axe (weapon)
 b - a +1 dagger of venom
Armour
 c - a +0 buckler (worn)
 g - a +0 scale mail (worn)
 h - a +0 pair of boots (worn)
 u - the +0 pair of gloves "Himnofug" (worn) {Dex+4}
   (You found it on level 5 of the Dungeon)

   Dex:       It affects your dexterity (+4).
Jewellery
 k - a +4 ring of evasion (left hand)
 v - an amulet of regeneration (around neck)
 x - a ring of protection from cold
 C - a +4 ring of protection (right hand)
Scrolls
 f - 2 scrolls of silence {unknown}
 i - a scroll of torment
 j - 2 scrolls of magic mapping {unknown}
 l - a scroll of blinking {unknown}
 m - 2 scrolls of summoning {unknown}
 o - 4 scrolls of identify
 q - a scroll of fog {unknown}
 r - a scroll of holy word {unknown}
 t - 3 scrolls of teleportation {unknown}
 w - 2 scrolls of enchant armour {unknown}
 y - a scroll of vulnerability {unknown}
 z - a scroll of immolation {unknown}
 A - a scroll of fear {unknown}
Potions
 p - a potion of haste
 s - a potion of flight {unknown}
 B - a potion of cancellation {unknown}


   Skills:
 + Level 6.7 Fighting
 * Level 7.1 Axes
 + Level 5.6 Armour
 + Level 4.5 Dodging
 - Level 4.2 Shields
 * Level 6.4 Invocations


You had 9 spell levels left.
You didn't know any spells.
Your spell library contained the following spells:

 Spells                   Type           Power      Damage    Failure   Level
 Magic Dart               Conj           0%         1d3       87%         1
 Call Imp                 Summ           0%         N/A       95%         2
 Ensorcelled Hibernation  Hex/Ice        0%         N/A       95%         2
 Passwall                 Tmut/Erth      0%         N/A       95%         2
 Ignite Poison            Fire/Tmut/Pois 0%         N/A       99%         3
 Mephitic Cloud           Conj/Pois/Air  0%         N/A       99%         3
 Swiftness                Air            0%         N/A       99%         3
 Anguish                  Hex/Necr       0%         N/A       100%        4
 Freezing Cloud           Conj/Ice/Air   0%         6-21      100%        5
 Spider Form              Tmut/Pois      Unusable   N/A       N/A         3

Dungeon Overview and Level Annotations

Branches:
Dungeon (7/15)             Temple (1/1) D:6

Altars:
Ashenzari
Cheibriados
Fedhas
Gozag
Hepliaklqana
Makhleb
Nemelex Xobeh
Qazlal
Ru
Sif Muna
Trog
Uskayaw
Vehumet
Wu Jian
Xom
Yredelemnul
Zin
Lugonu

Shops:
D:4 [

Annotations:
D:5 3 runed translucent doors, beezmis's ghost, novice HOCj


Innate Abilities, Weirdness & Mutations

You thrive by killing the living.
You are immune to poison.
You have sharp fingernails.
Your flesh is cold resistant. (rC+)
You are immune to negative energy. (rN+++)
You do not regenerate when monsters are visible.
You are immune to unholy pain and torment.


Message History

The wight is almost destroyed.
You hit the wight but do no damage.
The wight is almost destroyed.
The wight hits you with a +2 morningstar!
* * * LOW HITPOINT WARNING * * *
You barely miss the wight.
The wight is almost destroyed.
You block the wight's attack.
You hit the wight.
You destroy the wight!
Makhleb accepts your kill.
You feel better.
You closely miss the wight.
The wight hits you with a +6 great sword.
* * * LOW HITPOINT WARNING * * *
You hit the wight but do no damage. You block the wight's attack.
You barely miss the wight. The wight barely misses you.
You feel very mighty all of a sudden. The wight barely misses you.
You hit the wight.
The wight is lightly damaged.
The wight hits you with a +6 great sword.
* * * LOW HITPOINT WARNING * * *
You closely miss the wight.
The wight is lightly damaged.
The wight barely misses you.
You barely miss the wight.
The wight is lightly damaged.
The wight barely misses you.
You closely miss the wight.
The wight is lightly damaged.
The wight hits you with a +6 great sword.
* * * LOW HITPOINT WARNING * * *
You closely miss the wight.
The wight is lightly damaged.
The wight closely misses you.
You hit the wight.
The wight is moderately damaged.
The wight hits you with a +6 great sword!
You die...

..# ....... ...#
..# .......##..##
### .....5.5#....
....{5†.#..#.
#.#....
########......
###....).oo...##
#
###...#####.o...#
#.# #@z)###
#..###.## #..#
##### #.####..#
###..# #. #....
...... ......##.
.##.# ..#######.
.#..# ### #..
.#.# ##### #.#
#..# ##..... #.#
#≈## #..... #.#


You could see a wight.

Vanquished Creatures
  A two-headed ogre (D:7)
  Pikel (D:7)
  A hornet (D:7)
  Sigmund (D:3)
  3 black bears
  An ogre (D:4)
  3 necrophages
  4 sky beasts
  3 centaurs
  A lemure (D:7)
  2 kobold brigands (D:6)
  3 scorpions
  A wyvern skeleton (D:5)
  3 howler monkeys
  A wight (D:7)
  A centaur zombie (D:6)
  3 hounds
  A jelly (D:5)
  An orc priest (D:5)
  A gnoll shaman (D:6)
  An iguana (D:6)
  A scorpion zombie (D:5)
  An orc wizard (D:2)
  2 howler monkey zombies
  4 gnolls (D:6)
  A howler monkey skeleton (D:7)
  5 adders
  2 shadow imps
  A white imp (D:3)
  An ufetubus (D:7)
  An adder zombie (D:5)
  A worm (D:2)
  2 dart slugs
  15 orcs
  4 bats
  5 endoplasms
  5 giant cockroaches
  10 goblins
  3 hobgoblins
  8 jackals
  11 kobolds
  3 quokkas
  4 ball pythons
  2 frilled lizards
  3 rats
  A bush (D:3)
133 creatures vanquished.

Vanquished Creatures (others)
  A sky beast (D:7)
  10 plants
11 creatures vanquished.

Grand Total: 144 creatures vanquished

Notes
Turn   | Place    | Note
-------+----------+-------------------------------------------
     0 | D:1      | HallandMoats the Ghoul Fighter began the quest for the Orb.
     0 | D:1      | Reached XP level 1. HP: 19/19 MP: 0/0
   155 | D:1      | Reached skill level 2 in Axes
   155 | D:1      | Reached XP level 2. HP: 18/26 MP: 1/1
   602 | D:1      | Reached XP level 3. HP: 29/31 MP: 2/2
  1101 | D:2      | Reached skill level 1 in Invocations
  1132 | D:2      | Reached XP level 4. HP: 4/39 MP: 3/3
  1687 | D:2      | Found a faded altar of an unknown god.
  1821 | D:3      | Noticed an angel
  1821 | D:3      | Noticed a necrophage
  1821 | D:3      | Found a shimmering altar of Xom.
  1839 | D:3      | Killed a necrophage
  1840 | D:3      | Reached skill level 3 in Axes
  1840 | D:3      | Reached skill level 1 in Dodging
  1840 | D:3      | Reached XP level 5. HP: 30/46 MP: 3/5
  2185 | D:3      | Noticed Sigmund
  2195 | D:3      | Killed Sigmund
  2196 | D:3      | Reached XP level 6. HP: 45/52 MP: 6/6
  2798 | D:4      | Found a large runed translucent door.
  2798 | D:4      | Found a large runed translucent door.
  2812 | D:4      | Found Dom Mirr's Antique Armour Boutique.
  2855 | D:4      | Reached XP level 7. HP: 13/60 MP: 7/7
  3193 | D:4      | Found an opulent altar of Gozag.
  3361 | D:4      | Reached skill level 4 in Axes
  3656 | D:4      | Found a sparkling altar of Nemelex Xobeh.
  3665 | D:4      | Found a snail-covered altar of Cheibriados.
  3779 | D:5      | Entered Level 5 of the Dungeon
  3838 | D:5      | Identified the +0 pair of gloves "Himnofug" {Dex+4}
  4230 | D:4      | Reached XP level 8. HP: 35/67 MP: 9/9
  4888 | D:5      | Found a stormy altar of Qazlal.
  5081 | D:5      | Reached skill level 5 in Fighting
  5242 | D:5      | Found a runed translucent gate.
  5243 | D:5      | Found a runed translucent gate.
  5243 | D:5      | Found a runed translucent gate.
  5250 | D:5      | Noticed beezmis's ghost (novice HOCj)
  5502 | D:5      | Reached skill level 5 in Axes
  5631 | D:5      | Found a basalt altar of Yredelemnul.
  6127 | D:6      | Found a broken altar of Ashenzari.
  6687 | D:6      | Reached XP level 9. HP: 64/75 MP: 11/11
  6809 | D:6      | Found a staircase to the Ecumenical Temple.
  6856 | D:6      | Reached skill level 6 in Axes
  6891 | Temple   | Entered the Ecumenical Temple
  6938 | Temple   | Became a worshipper of Makhleb the Destroyer
  7007 | D:6      | Reached skill level 5 in Armour
  7155 | D:7      | Noticed a hornet
  7161 | D:7      | Killed a hornet
  7162 | D:7      | Reached skill level 5 in Invocations
  7278 | D:7      | Noticed a two-headed ogre
  7292 | D:7      | Killed a two-headed ogre
  7354 | D:7      | Noticed Pikel
  7388 | D:7      | Killed Pikel
  7389 | D:7      | Reached skill level 7 in Axes
  7432 | D:7      | Reached XP level 10. HP: 45/84 MP: 13/13
  7463 | D:7      | Slain by a wight

Illustrated notes

Levels and vault maps discovered:
D:1:      dpeg_arrival_shelter, layout_loops_cross
D:2:      layout_basic, basic_ecumenical_altar
D:3:      layout_basic, grunt_temple_overflow_order_and_chaos_1, serial_forest,
          infiniplex_forest_straight_3, infiniplex_forest_zigzag_1,
          infiniplex_forest_clump_curved, infiniplex_forest_clump_small,
          infiniplex_forest_lined_room_2, infiniplex_forest_clump_double,
          infiniplex_forest_clump_long, infiniplex_forest_clump_curved,
          uniq_sigmund
D:4:      layout_basic, nicolae_gozag_cash_rules_everything_around_me,
          jmf_multi_god_temple2, serial_shops,
          nicolae_shop_temple_entry_statues_fountains
D:5:      layout_basic, mainiacjoe_overflow_catwalk,
          mainiacjoe_overflow_24_doors, portal_sewer_entry_e,
          gammafunk_ghost_necromancy, hex_intersection, hangedman_glass_teeth,
          serial_bayou_ford_a
D:6:      layout_basic, evilmike_ruin_ashenzari, minmay_temple_entry_waves,
          hangedman_decor_opposing, hangedman_abyss_or_decor_slice
D:7:      layout_rooms, chequers_temple_overflow_minitemple, uniq_pikel
Temple:   corrupted_temple

Skill      XL: |  1  2  3  4  5  6  7  8  9 |
---------------+----------------------------+-----
Axes           | 2 3 4 5 7 |  7.1
Invocations    | 1 2 3 4 6 |  6.4
Armour         | 3 4 5 |  5.6
Shields        | 3 4 |  4.2
Dodging        | 1 2 3 4 |  4.5
Fighting       | 4 5 6 |  6.7

Action                   |  1- 3 |  4- 6 |  7- 9 | 10-12 || total
-------------------------+-------+-------+-------+-------++-------
Melee: War axe           |    20 |       |       |       ||    20
       Dagger            |    61 |   145 |   541 |    15 ||   762
       Hand axe          |       |       |       |    13 ||    13
  Use: Potion            |     1 |     1 |     2 |     2 ||     6
       Scroll            |       |       |     3 |       ||     3
 Stab: Invisible         |       |       |     1 |       ||     1
Armor: Scale mail        |    42 |    26 |   190 |     2 ||   260
Dodge: Dodged            |    40 |    54 |   351 |    12 ||   457
Block: Buckler           |    10 |    21 |   121 |     4 ||   156

Table legend: (Time is in decaauts)
 A = Elapsed time spent in this place.
 B = Non-inter-level travel time spent in this place.
 C = Inter-level travel time spent in this place.
 D = Time resting spent in this place.
 E = Time spent auto-exploring this place.
 F = Levels seen in this place.
 G = Mean time per level.
                   A        B        C        D        E       F      G
               +--------+--------+--------+--------+--------+-----+--------+
         Total |   7491 |   7280 |    211 |    687 |   5139 |   8 |  936.4 |
       Dungeon |   7427 |   7216 |    211 |    687 |   5110 |   7 | 1061.0 |
        Temple |     63 |     63 |      0 |      0 |     29 |   1 |   63.0 |
               +--------+--------+--------+--------+--------+-----+--------+

Top non-repeatable levels by time:
     D:5: 2095 daAuts
     D:4: 1157 daAuts
     D:6: 1070 daAuts
     D:2: 998 daAuts
     D:3: 982 daAuts
     D:1: 834 daAuts
     D:7: 290 daAuts
  Temple: 63 daAuts
